 Dungeon Crawl Stone Soup version 0.31.0-32-g396128a36d (webtiles) character file.

Game seed: 15379699352472404587

314 Alphaeus the Changeling (level 6, -1/57 HPs)
             Began as a Troll Shapeshifter on Mar 19, 2024.
             Slain by an ogre
             ... wielding a +0 giant club
              (21 damage)
             ... on level 4 of the Dungeon.
             The game lasted 00:02:22 (2589 turns).

Alphaeus the Changeling (Troll Shapeshifter)        Turns: 2589, Time: 00:02:23

Health: -1/57      AC:  4    Str: 25    XL:     6   Next: 19%
Magic:  5/5        EV:  9    Int:  6    God:
Gold:   118        SH:  0    Dex:  9    Spells: 5/5 levels left

rFire   . .          .
                       - Unarmed
rCold   . . .        (no shield)
rNeg    . . .        a - +0 animal skin
rPois   .            (helmet currently unavailable)
rElec   .            (cloak currently unavailable)
rCorr   .            (gloves unavailable)
SInv    .            (boots unavailable)
Will    .....        (no amulet)
Stlth   +            l - +4 ring of slaying
HPRegen 1.09/turn    (no ring)
MPRegen 0.09/turn

%: no passive effects
@: beast-form
A: beast (slay +3), large, unfitting armour, claws 3, regeneration 1, shaggy fur
1, tough skin 1
a: Begin Untransformation


You were on level 4 of the Dungeon.
You were a hulking beast.
You visited 1 branch of the dungeon, and saw 4 of its levels.

You collected 118 gold pieces.

Inventory:

Armour
 a - a +0 animal skin (worn)
Jewellery
 l - a +4 ring of slaying (left claw)
Talismans
 c - a beast talisman
 d - a flux talisman
Wands
 n - a wand of iceblast (11)
 p - a wand of digging (6)
Scrolls
 e - a scroll of blinking {unknown}
 f - a scroll of immolation {unknown}
 g - 2 scrolls of enchant armour {unknown}
 h - 4 scrolls of identify {unknown}
 i - 3 scrolls of teleportation {unknown}
 j - a scroll of vulnerability {unknown}
 k - 2 scrolls of poison {unknown}
 q - a scroll of revelation {unknown}
Potions
 b - 2 potions of lignification
 m - 2 potions of degeneration {unknown}
 o - a potion of brilliance {unknown}
 r - a potion of curing {unknown}


   Skills:
 + Level 2.2 Fighting
 - Level 1.5 Dodging
 - Level 3.6 Unarmed Combat
 * Level 5.6 Shapeshifting


You had 5 spell levels left.
You didn't know any spells.
Your spell library was empty.

Dungeon Overview and Level Annotations

Branches:
Dungeon (4/15)
 Temple: D:4-7

Altars:
Cheibriados
Ru
Vehumet

Shops:
D:1 =


Innate Abilities, Weirdness & Mutations

You are a hulking beast.
Your limbs bulge with bestial killing power. (Slay +3)
You are too large for most types of armour.
You have claws for hands.
Your natural rate of healing is unusually fast.
You are covered in fur. (AC +1)
You have tough skin. (AC +1)


Message History

The sleepcap is severely damaged.
The sleepcap releases spores at you.
You claw the sleepcap!
You destroy the sleepcap!
You start resting.
You are no longer corroded.
HP restored.
An ogre comes into view. It is wielding a +0 giant club.
Found a war axe.
The ogre shouts!
An ogre is nearby!
An ogre is nearby!
Found a stone staircase leading up.
Found a stone staircase leading down.
The ogre hits you with a +0 giant club!!
You mangle the ogre!!
The ogre is severely wounded.
The ogre hits you with a +0 giant club!!
* * * LOW HITPOINT WARNING * * *
You are too injured to fight recklessly!
You are too injured to fight recklessly!
You are too injured to fight recklessly!
You are too injured to fight recklessly!
You are too injured to fight recklessly!
You are too injured to fight recklessly!
You are too injured to fight recklessly!
You are too injured to fight recklessly!
You are too injured to fight recklessly!
You are too injured to fight recklessly!
You barely miss the ogre.
The ogre is severely wounded.
You scratch the ogre.
The ogre is severely wounded.
The ogre barely misses you.
You closely miss the ogre.
The ogre is severely wounded.
You completely miss the ogre.
The ogre is severely wounded.
The ogre hits you with a +0 giant club!!
You die...

.# ... .. ......###
#..........#
#.#........######
..........#.#..##
#.##............#
#########.............##
...#(#....†......O......
................h.......
..)..#####..............
....## ##.............
....# #..............
....# #####..##.....>
....## ...........
.....###### #.........<.
........#.###.......)...
####.......##..........


You could see an ogre.

Vanquished Creatures
  A bombardier beetle (D:4)
  An orc priest (D:4)
  2 jellies
  A sleepcap (D:4)
  An orc wizard (D:4)
  2 gnolls (D:1)
  3 adders
  A shadow imp (D:4)
  2 dart slugs
  A ribbon worm (D:3)
  11 orcs
  An endoplasm (D:3)
  5 giant cockroaches
  6 goblins
  6 hobgoblins
  4 quokkas
  5 ball pythons
  6 bats
  5 kobolds
  7 rats
71 creatures vanquished.

Notes
Turn   | Place    | Note
-------+----------+-------------------------------------------
     0 | D:1      | Alphaeus the Troll Shapeshifter began the quest for the
                  | Orb.
     0 | D:1      | Reached XP level 1. HP: 18/18 MP: 0/0
   178 | D:1      | Reached skill level 1 in Fighting
   199 | D:1      | Reached XP level 2. HP: 15/27 MP: 1/1
   360 | D:1      | Reached XP level 3. HP: 31/33 MP: 2/2
   439 | D:1      | Found Sabazxamp's Jewellery Boutique.
   959 | D:2      | Reached skill level 4 in Shapeshifting
   959 | D:2      | Reached XP level 4. HP: 35/41 MP: 3/3
  1988 | D:3      | Found a radiant altar of Vehumet.
  1989 | D:3      | Found a snail-covered altar of Cheibriados.
  1991 | D:3      | Found a sacrificial altar of Ru.
  2342 | D:4      | Reached XP level 5. HP: 38/48 MP: 4/4
  2347 | D:4      | Reached skill level 5 in Shapeshifting
  2546 | D:4      | Reached XP level 6. HP: 33/57 MP: 5/5
  2589 | D:4      | Slain by an ogre

Illustrated notes

Levels and vault maps discovered:
D:1:      dpeg_arrival_court, layout_loops_corners, serial_shops, shop
D:2:      layout_loops_ring, nicolae_titane
D:3:      layout_loops_ring, grunt_temple_overflow_open, kennysheep_boxes
D:4:      layout_cave_pools

Skill      XL: |  1  2  3  4  5 |
---------------+----------------+-----
Fighting       | 1 2 |  2.2
Shapeshifting  | 4 5 |  5.6
Dodging        | |  1.5
Unarmed Combat | |  3.6

Action                     |  1- 3 |  4- 6 || total
---------------------------+-------+-------++-------
  Melee: Unarmed           |    60 |    91 ||   151
         Punch             |       |     1 ||     1
   Stab: Sleeping          |     1 |       ||     1
 Armour: Animal skin       |    30 |    59 ||    89
  Dodge: Dodged            |    18 |    28 ||    46
